 Dungeon Crawl Stone Soup version 0.18-b1-10-g3f7de93 (webtiles) character file.

28 kaze the Ducker (level 3, -4/36 HPs)
             Began as a Troll Fighter on Apr 29, 2016.
             Slain by Sigmund
             ... wielding a +0 scythe
              (10 damage)
             ... on level 2 of the Dungeon.
             The game lasted 00:01:35 (905 turns).

kaze the Ducker (Troll Fighter)                      Turns: 905, Time: 00:01:36

Health: -4/36      AC:  5    Str: 30    XL:     3   Next: 0%
Magic:  2/2        EV:  8    Int:  4    God:
Gold:   48         SH:  9    Dex:  9    Spells: 0 memorised, 2 levels left

rFire  + . .     SeeInvis .     a - +0 war axe
rCold  x . .     Gourm    +     b - +0 robe
rNeg   . . .     Faith    .     c - +0 shield
rPois  .         Spirit   .     (helmet restricted)
rElec  .         Dismiss  .     (no cloak)
rCorr  .         Reflect  .     (gloves unavailable)
SustAt .         Harm     .     (boots unavailable)
MR     .....                    (no amulet)
Stlth  +.........               (no ring)
                                n - ring of fire

@: mighty, not resistant to hostile enchantments, very unstealthy
A: unfitting armour, claws 3, fast metabolism 3, gourmand, regeneration 2,
shaggy fur 1, tough skin 2
a: no special abilities


You were on level 2 of the Dungeon.
You were full.

You visited 1 branch of the dungeon, and saw 2 of its levels.

You collected 48 gold pieces.

Inventory:

Hand Weapons
 a - a +0 war axe (weapon)
Missiles
 m - 17 bolts
Armour
 b - a +0 robe (worn)
 c - a +0 shield (worn)
Jewellery
 n - a ring of fire (left claw)
Scrolls
 g - 2 scrolls of magic mapping {unknown}
 k - a scroll of noise {unknown}
 l - 2 scrolls of identify {unknown}
 o - 2 scrolls of amnesia {unknown}
 q - a scroll of teleportation {unknown}
 r - a scroll of fear {unknown}
Potions
 e - 2 potions of flight {unknown}
 h - a potion of ambrosia {unknown}
 i - a potion of lignification {unknown}
 j - a potion of brilliance {unknown}
 p - 2 potions of magic {unknown}
Comestibles
 f - 4 bread rations


   Skills:
 + Level 2.7 Fighting
 + Level 1.6 Axes
 + Level 3.0 Dodging
 + Level 2.6 Shields


You had 2 spell levels left.
You didn't know any spells.

Dungeon Overview and Level Annotations

Branches:
Dungeon (2/15)

Altars:

Annotations:
D:2 Sigmund


Innate Abilities, Weirdness & Mutations

You are too large for most types of armour.
You have claws for hands.
Your metabolism is lightning-fast.
You like to eat raw meat.
You heal very quickly.
You are covered in fur (AC +1).
You have very tough skin (AC +2).


Message History

Drink which item? (? for menu, Esc to quit)
You feel very mighty all of a sudden. Something hits you!
Something hits you but does no damage.
You barely miss something. Something hits you!
You slash something! Something hits you!
You miss something.
You hear some strange, mumbled words.
A puff of flame appears from out of thin air!
The puff of flame hits you! You resist.
* * * LOW HITPOINT WARNING * * *
You closely miss something. Something hits you but does no damage.
You miss something. Something hits you but does no damage.
You closely miss something.
You hear some strange, mumbled words.
A magic dart appears from out of thin air!
The magic dart hits you!
* * * LOW HITPOINT WARNING * * *
You closely miss something. Something hits you!
You die...

# ..##... #.......
#####.........
#####...$.....#...
.###.................
.........)8..........
#......8.8.........
#....@8._.8........
#.....{8.8.....#.
###.....8....###
#........[..#
#...........#
#...........#
#...........#
#...........#
###........#


There were no monsters in sight!

Vanquished Creatures
  A worm (D:2)
  2 dart slugs (D:1)
  A giant gecko (D:1)
  5 bats (D:1)
  A giant cockroach (D:1)
  4 goblins (D:1)
  2 kobolds (D:1)
  3 giant newts
  2 rats
21 creatures vanquished.

Notes
Turn   | Place    | Note
--------------------------------------------------------------
     0 | D:1      | kaze the Troll Fighter began the quest for the Orb.
     0 | D:1      | Reached XP level 1. HP: 22/22 MP: 0/0
   276 | D:1      | Reached XP level 2. HP: 18/29 MP: 1/1
   846 | D:2      | Reached skill level 3 in Dodging
   884 | D:2      | Found a faded altar to an unknown god.
   890 | D:2      | Reached XP level 3. HP: 36/36 MP: 2/2
   892 | D:2      | Noticed Sigmund
   905 | D:2      | Slain by Sigmund

Skill      XL: |  1  2 |
---------------+-------+-----
Dodging        | 3 |  3.0
Fighting       | |  2.7
Axes           | |  1.6
Shields        | |  2.6

Action                   || total
-------------------------++-------
Melee: War axe           ||    87
  Use: Potion            ||     1
  Eat: Chunk             ||    10
Armor: Robe              ||    43
Dodge: Dodged            ||    27
Block: Shield            ||    47
